 Dungeon Crawl Stone Soup version 0.29.0-5-ge4962eb29e (webtiles) character file.

Game seed: 15390213842320689534

49 Plasmagod the Grasshopper (level 3, 0/31 HPs)
             Began as a Gnoll Warper on Aug 28, 2022.
             Slain by a white imp (3 damage)
             ... summoned by Natasha
             ... on level 2 of the Dungeon.
             The game lasted 00:04:22 (861 turns).

Plasmagod the Grasshopper (Gnoll Warper)             Turns: 861, Time: 00:04:22

Health: 0/31       AC:  5    Str: 10    XL:     3   Next: 77%
Magic:  9/9        EV: 12    Int: 14    God:
Gold:   37         SH:  0    Dex: 11    Spells: 12/12 levels left

rFire   . . .      SeeInvis .   a - +0 spear
rCold   . . .      Faith    .   (no shield)
rNeg    . . .      Spirit   .   b - +0 leather armour
rPois   .          Reflect  .   (no helmet)
rElec   .          Harm     .   (no cloak)
rCorr   .          Rampage  .   m - +1 pair of gloves
Will    .....                   (no boots)
Stlth   +.........              (no amulet)
HPRegen 0.10/turn               (no ring)
MPRegen 0.11/turn               (no ring)

@: no status effects
A: fangs 1, strong nose, distributed training
a: no special abilities


You were on level 2 of the Dungeon.
You visited 1 branch of the dungeon, and saw 2 of its levels.

You collected 37 gold pieces.

Inventory:

Hand Weapons
 a - a +0 spear (weapon)
Missiles
 d - 2 boomerangs of dispersal (quivered)
 j - a throwing net
 k - 2 boomerangs
Armour
 b - a +0 leather armour (worn)
 m - a +1 pair of gloves (worn)
Jewellery
 f - a +6 ring of dexterity
Scrolls
 c - a scroll of blinking
 h - 2 scrolls of identify {unknown}
 i - a scroll of teleportation {unknown}
 l - a scroll of enchant armour {unknown}
Potions
 e - a potion of lignification {unknown}
 g - a potion of brilliance {unknown}


   Skills:
 + Level 4.6 Fighting
 + Level 1.0 Short Blades
 + Level 1.0 Long Blades
 + Level 1.0 Axes
 + Level 1.0 Maces & Flails
 + Level 4.6 Polearms
 + Level 1.0 Staves
 + Level 1.0 Ranged Weapons
 + Level 2.6 Throwing
 + Level 2.6 Armour
 + Level 4.6 Dodging
 + Level 1.0 Stealth
 + Level 1.0 Shields
 + Level 1.0 Unarmed Combat
 + Level 5.0 Spellcasting
 + Level 0.7 Conjurations
 + Level 0.7 Hexes
 + Level 0.7 Summonings
 + Level 0.7 Necromancy
 + Level 5.4 Translocations
 + Level 0.7 Transmutations
 + Level 0.7 Fire Magic
 + Level 0.7 Ice Magic
 + Level 0.7 Air Magic
 + Level 0.7 Earth Magic
 + Level 0.7 Poison Magic
 + Level 1.0 Invocations
 + Level 1.0 Evocations


You had 12 spell levels left.
You didn't know any spells.
Your spell library contained the following spells:

 Spells                   Type           Power      Damage    Failure   Level
 Blink                    Tloc           36%        N/A       3%          2
 Gell's Gravitas          Tloc           18%        N/A       8%          3
 Lesser Beckoning         Tloc           18%        N/A       8%          3
 Teleport Other           Tloc           18%        N/A       8%          3
 Sting                    Tmut/Pois      20%        1d4       17%         1
 Poisonous Vapours        Pois/Air       10%        N/A       26%         2
 Manifold Assault         Tloc           18%        N/A       56%         5
 Olgreb's Toxic Radiance  Pois           5%         N/A       86%         4


Dungeon Overview and Level Annotations

Branches:
Dungeon (2/15)

Altars:

Annotations:
D:2 Natasha


Innate Abilities, Weirdness & Mutations

You have very sharp teeth.
Your uncanny sense of smell can sniff out nearby items.
Your experience applies equally to all skills.


Message History

Your Axes skill increases to level 1!
Your Maces & Flails skill increases to level 1!
Your Staves skill increases to level 1!
Your Ranged Weapons skill increases to level 1!
Your Stealth skill increases to level 1!
Your Shields skill increases to level 1!
Your Unarmed Combat skill increases to level 1!
Your Invocations skill increases to level 1!
Your Evocations skill increases to level 1!
Things that are here:
a +0 short sword; a +0 ring mail; the human corpse of Terence Memorise Blink, consuming 2 spell levels and leaving 10?
The quokka bites you.
Your memorisation is interrupted.
* * * LOW HITPOINT WARNING * * *
The quokka barely misses you.
Sorry, you're not good enough to have a special ability.
You don't know any spells.
Sorry, you're not good enough to have a special ability.
You don't know any spells.
Okay, then.
Memorise Blink, consuming 2 spell levels and leaving 10?
The quokka bites you.
Your memorisation is interrupted.
* * * LOW HITPOINT WARNING * * *
You don't know any spells.
Sorry, you're not good enough to have a special ability.
The quokka attacks as you move away! The quokka closely misses you.
Reach: a) +0 spear
Press: ? - help, Dir - move target, f - Natasha
Aim: Natasha (severely wounded, fast, about 44% to evade your +0 spear)
You reach to attack!
You hit Natasha.
Natasha is almost dead.
The quokka bites you but does no damage.
You hit Natasha but do no damage.
Natasha is almost dead.
Natasha casts a spell at you. You resist with significant effort.
The quokka barely misses you. The white imp hits you.
* * * LOW HITPOINT WARNING * * *
The white imp freezes you.
You die...

@.#..# ... ....#
∆ .. ... ..∆#.# ∆
. #5# # #.#5# .#
#.###.#)####.#
#......hr....##.
#######5@.......
##...#####.
####.....#
#.###........#
#............#
#####.#.#........
#.#.#########..#
#.#.# #..# #.#.##
#..#


You could see Natasha (fast), a crimson imp (summoned), a white imp (summoned),
a shadow imp (summoned) and a quokka.

Vanquished Creatures
  Terence (D:2)
  2 dart slugs (D:1)
  3 endoplasms (D:2)
  A giant cockroach (D:1)
  A goblin (D:1)
  2 hobgoblins
  6 kobolds
  A bat (D:1)
  2 rats
19 creatures vanquished.

Vanquished Creatures (others)
  5 plants (D:2)
5 creatures vanquished.

Grand Total: 24 creatures vanquished

Notes
Turn   | Place    | Note
-------+----------+-------------------------------------------
     0 | D:1      | Plasmagod the Gnoll Warper began the quest for the Orb.
     0 | D:1      | Reached XP level 1. HP: 20/20 MP: 6/6
   416 | D:1      | Reached XP level 2. HP: 26/26 MP: 7/7
   821 | D:2      | Noticed Terence
   824 | D:2      | Noticed Natasha
   833 | D:2      | Reached skill level 5 in Spellcasting
   833 | D:2      | Reached XP level 3. HP: 31/31 MP: 7/9
   854 | D:2      | Killed Terence
   855 | D:2      | Reached skill level 1 in Short Blades
   855 | D:2      | Reached skill level 1 in Long Blades
   855 | D:2      | Reached skill level 1 in Axes
   855 | D:2      | Reached skill level 1 in Maces & Flails
   855 | D:2      | Reached skill level 1 in Staves
   855 | D:2      | Reached skill level 1 in Ranged Weapons
   855 | D:2      | Reached skill level 1 in Stealth
   855 | D:2      | Reached skill level 1 in Shields
   855 | D:2      | Reached skill level 1 in Unarmed Combat
   855 | D:2      | Reached skill level 1 in Invocations
   855 | D:2      | Reached skill level 1 in Evocations
   861 | D:2      | Slain by a white imp

Illustrated notes

Levels and vault maps discovered:
D:1:      roderic_chinese_lattice_arrival, layout_loops_cross
D:2:      layout_loops_ring, serial_forest, infiniplex_forest_clump_long,
          infiniplex_forest_lined_2, infiniplex_forest_lined_ring,
          infiniplex_forest_lined_2, infiniplex_forest_end_3,
          infiniplex_forest_lined_ring, infiniplex_forest_zigzag_1,
          uniq_terence, uniq_natasha

Skill      XL: |  1  2  3 |
---------------+----------+-----
Spellcasting   | 5 |  5.0
Short Blades   | 1 |  1.0
Long Blades    | 1 |  1.0
Axes           | 1 |  1.0
Maces & Flails | 1 |  1.0
Staves         | 1 |  1.0
Ranged Weapons | 1 |  1.0
Stealth        | 1 |  1.0
Shields        | 1 |  1.0
Unarmed Combat | 1 |  1.0
Invocations    | 1 |  1.0
Evocations     | 1 |  1.0
Fighting       | |  4.6
Polearms       | |  4.6
Throwing       | |  2.6
Armour         | |  2.6
Dodging        | |  4.6
Conjurations   | |  0.7
Hexes          | |  0.7
Summonings     | |  0.7
Necromancy     | |  0.7
Translocations | |  5.4
Transmutations | |  0.7
Fire Magic     | |  0.7
Ice Magic      | |  0.7
Air Magic      | |  0.7
Earth Magic    | |  0.7
Poison Magic   | |  0.7

Action                   || total
-------------------------++-------
Melee: Spear             ||    82
       Bite              ||     6
       Punch             ||     2
Throw: Boomerang         ||     5
 Stab: Sleeping          ||     1
Armor: Leather armour    ||    16
Dodge: Dodged            ||    45
